 Dungeon Crawl Stone Soup version 0.29-a0-598-gd8304a5bf4 (webtiles) character file.

Game seed: 17957267909660348915

1152 testman the Chopper (level 8, 0/73 HPs)
             Began as a Meteoran Fighter on June 15, 2022.
             Was a Follower of Makhleb.
             Succumbed to a hornet's poison
             ... on level 5 of the Dungeon.
             The game lasted 00:10:18 (1743 turns).

testman the Chopper (Meteoran Fighter)              Turns: 1743, Time: 00:10:18

Health: 0/73       AC:  9    Str: 19    XL:     8   Next: 97%
Magic:  13/13      EV: 10    Int:  9    God:    Makhleb [*.....]
Gold:   209        SH:  6    Dex: 21    Spells: 7/7 levels left

rFire   . . .      SeeInvis .   a - +0 war axe
rCold   + . .      Faith    .   c - +0 buckler
rNeg    . . .      Spirit   .   u - +2 ring mail {Will+}
rPois   .          Reflect  .   i - +0 helmet
rElec   .          Harm     .   (no cloak)
rCorr   .          Rampage  .   (no gloves)
Will    ++...                   (no boots)
Stlth   +.........              p - amulet of the acrobat
HPRegen 0.22/turn               o - +6 ring of dexterity
MPRegen 0.13/turn               q - ring of protection from cold

@: mighty, lethally poisoned (0 -> -2), hasted and slowed, glowing
A: sense surroundings 1, otherworldly, glowing, explore regen
a: Renounce Religion


You were on level 5 of the Dungeon.
You worshipped Makhleb.
Makhleb was aware of your devotion.
You visited 2 branches of the dungeon, and saw 7 of its levels.

You collected 209 gold pieces.

Inventory:

Hand Weapons
 a - a +0 war axe (weapon)
Missiles
 r - 5 silver javelins (quivered)
Armour
 c - a +0 buckler (worn)
 i - a +0 helmet (worn)
 u - a +2 ring mail of willpower (worn)
Jewellery
 o - a +6 ring of dexterity (left hand)
 p - an amulet of the acrobat (around neck)
 q - a ring of protection from cold (right hand)
Wands
 s - a wand of flame (21)
Scrolls
 b - a scroll of magic mapping
 e - a scroll of summoning {unknown}
 j - 2 scrolls of teleportation
 l - a scroll of vulnerability {unknown}
 m - a scroll of torment {unknown}
 t - a scroll of enchant armour {unknown}
Potions
 d - 2 potions of might
 g - a potion of brilliance {unknown}
 h - a potion of degeneration {unknown}
 k - a potion of curing {unknown}
 v - a potion of flight {unknown}
 w - a potion of mutation {unknown}


   Skills:
 + Level 7.1 Fighting
 + Level 7.3 Axes
 - Level 4.0 Armour
 - Level 4.0 Shields
 + Level 6.0 Invocations


You had 7 spell levels left.
You didn't know any spells.
Your spell library contained the following spells:

 Spells                   Type           Power      Damage    Failure   Level
 Dazzling Flash           Conj/Hex       0%         N/A       95%         3
 Iskenderun's Mystic Bla  Conj/Tloc      0%         2d3       100%        4
 Starburst                Conj/Fire      0%         6d3       100%        6


Dungeon Overview and Level Annotations

Branches:
Dungeon (6/15) Zot: 2004   Temple (1/1) D:4 Zot: 369

Altars:
Ashenzari
Dithmenos
Fedhas
Hepliaklqana
Makhleb
Nemelex Xobeh
Ru
Sif Muna
Trog
Uskayaw
Vehumet
The Shining One


Innate Abilities, Weirdness & Mutations

You passively map a small area around you.
You are easily found by Zot.
You glow in the dark.
You regain HP and MP as you explore.


Message History

The hornet is severely wounded.
You block the hornet's attack. The hornet stings you.
You feel as though you will be slow longer.
You hit the hornet.
The hornet is severely wounded.
The hornet barely misses you. x2; The hornet stings you!
* * * LOW HITPOINT WARNING * * *
You are poisoned.
You feel as though you will be slow longer.
You miss the hornet.
The hornet is severely wounded.
* * * LOW HITPOINT WARNING * * *
You feel very sick. The hornet stings you!
* * * LOW HITPOINT WARNING * * *
You suddenly lose the ability to move!
The hornet stings you but does no damage. x2
* * * LOW HITPOINT WARNING * * *
You feel sick.
The hornet stings you but does no damage.
You can move again.
You feel much better.
You feel very sick. You block the hornet's attack.
The hornet closely misses you. The hornet stings you!
* * * LOW HITPOINT WARNING * * *
You feel as though you will be slow longer.
You feel much better.
You feel sick. You block the hornet's attack. The hornet stings you!
* * * LOW HITPOINT WARNING * * *
You feel as though you will be slow longer.
You feel very mighty all of a sudden.
You feel sick. The hornet stings you!
* * * LOW HITPOINT WARNING * * *
You feel as though you will be slow longer.
The hornet stings you!
* * * LOW HITPOINT WARNING * * *
You feel as though you will be slow longer.
It was a potion of haste.
You feel yourself speed up.
You die...

#...# #..........# #......#
#...# #.########.###..##††#
#...# #.#..# #.#...##...#
##...# #.#..#####....#.....###
#....###.#...........#........
#.##.......)########.....#####
#.##.#####.># #.........#
#.........†.#########.#####.#.
####....#..ly@........#####.#.
####.#...#+#########.......
#.#..[[.....# #.###.#.
##########...........# #.#.
#.......####.#.......# #.##
#.#####.#....#.......# , ..#
#†#####.#.####.......# ###
#....##.#.####.......#
......#†#..........###


You could see a hornet and an iguana.

Vanquished Creatures
  A water moccasin (D:5)
  An ice beast (D:5)
  A sky beast (D:6)
  A black bear (D:5)
  A centaur (D:6)
  A phantom (D:5)
  A necrophage (D:4)
  3 scorpions
  A howler monkey (D:5)
  2 hounds (D:5)
  2 orc priests
  3 iguanas
  An orc wizard (D:6)
  A gnoll (D:5)
  6 adders
  2 white imps
  A dart slug (D:3)
  13 orcs
  2 endoplasms
  4 giant cockroaches
  3 goblins
  3 hobgoblins
  3 quokkas
  3 ball pythons
  3 bats
  A frilled lizard (D:1)
  4 kobolds
  6 rats (D:1)
74 creatures vanquished.

Notes
Turn   | Place    | Note
-------+----------+-------------------------------------------
     0 | D:1      | testman the Meteoran Fighter began the quest for the Orb.
     0 | D:1      | Reached XP level 1. HP: 19/19 MP: 2/2
    95 | D:1      | Reached XP level 2. HP: 26/26 MP: 3/3
   331 | D:2      | Reached XP level 3. HP: 8/31 MP: 4/4
   525 | D:2      | Reached XP level 4. HP: 34/40 MP: 5/5
   684 | D:4      | Reached XP level 5. HP: 43/47 MP: 6/6
   882 | D:4      | Found a staircase to the Ecumenical Temple.
   948 | Temple   | Entered the Ecumenical Temple
  1151 | Temple   | Became a worshipper of Makhleb the Destroyer
  1185 | D:4      | Noticed a necrophage
  1196 | D:4      | Killed a necrophage
  1197 | D:4      | Reached skill level 5 in Fighting
  1197 | D:4      | Reached skill level 1 in Invocations
  1197 | D:4      | Reached XP level 6. HP: 48/56 MP: 6/8
  1277 | D:5      | Entered Level 5 of the Dungeon
  1290 | D:5      | Reached skill level 5 in Axes
  1354 | D:5      | Noticed an ice beast
  1390 | D:5      | Reached XP level 7. HP: 55/61 MP: 9/9
  1542 | D:5      | Reached XP level 8. HP: 28/70 MP: 12/12
  1615 | D:6      | Reached * piety under Makhleb
  1616 | D:6      | Reached skill level 5 in Invocations
  1671 | D:6      | Noticed a hornet
  1738 | D:5      | HP: 3/73 [hornet (8)]
  1738 | D:5      | Paralysed by a hornet for 2 turns
  1742 | D:5      | HP: 1/73 [hornet (9)]
  1743 | D:5      | Succumbed to a hornet's poison

Illustrated notes

Levels and vault maps discovered:
D:1:      minmay_arrival_shattered_statue, layout_basic,
          hellmonk_ecumenical_altar_lost_god, minmay_misc_feat_hallway,
          minmay_rat_gold_closets
D:2:      layout_basic, chequers_serial_rivers_room_a, kennysheep_doodads
D:3:      layout_basic
D:4:      layout_basic, temple_doors_cd, uniq_menkaure
D:5:      layout_basic, serial_shops, shop_statue
D:6:      layout_rooms, minitemple
Temple:   hc_temple_tempest_star

Skill      XL: |  1  2  3  4  5  6  7  8 |
---------------+-------------------------+-----
Axes           | 3 4 5 6 7 |  7.3
Armour         | 4 |  4.0
Shields        | 4 |  4.0
Fighting       | 4 5 6 7 |  7.1
Invocations    | 1 2 4 6 |  6.0

Action                   |  1- 3 |  4- 6 |  7- 9 || total
-------------------------+-------+-------+-------++-------
Melee: War axe           |    69 |    76 |   116 ||   261
Throw: Javelin           |       |     1 |       ||     1
  Use: Scroll            |       |     1 |     2 ||     3
       Potion            |       |       |     4 ||     4
Armor: Scale mail        |    32 |    18 |       ||    50
       Ring mail         |       |    32 |    88 ||   120
Dodge: Dodged            |    29 |    22 |    80 ||   131
Block: Buckler           |    26 |    20 |    39 ||    85

Table legend: (Time is in decaauts)
 A = Elapsed time spent in this place.
 B = Non-inter-level travel time spent in this place.
 C = Inter-level travel time spent in this place.
 D = Time resting spent in this place.
 E = Time spent auto-exploring this place.
 F = Levels seen in this place.
 G = Mean time per level.
                   A        B        C        D        E       F      G
               +--------+--------+--------+--------+--------+-----+--------+
         Total |   1826 |   1689 |    137 |      0 |    680 |   7 |  260.9 |
       Dungeon |   1595 |   1485 |    110 |      0 |    497 |   6 |  265.8 |
        Temple |    230 |    203 |     27 |      0 |    183 |   1 |  230.0 |
               +--------+--------+--------+--------+--------+-----+--------+

Top non-repeatable levels by time:
     D:4: 418 daAuts
     D:5: 384 daAuts
     D:2: 284 daAuts
     D:1: 278 daAuts
  Temple: 230 daAuts
     D:6: 119 daAuts
     D:3: 110 daAuts
